 Dungeon Crawl Stone Soup version 0.27-a0-1332-g84bddb5ca7 (webtiles) character file.

Game seed: 5365450381315135844

16345 spiderkeys the Grappler (level 12, -7/122 HPs)
             Began as a Troll Abyssal Knight on June 25, 2021.
             Was a High Priest of Lugonu.
             Mangled by a manticore (10 damage)
             ... summoned by Kirke
             ... on level 12 of the Dungeon.
             The game lasted 00:18:53 (10665 turns).

spiderkeys the Grappler (Troll Abyssal Knight)     Turns: 10665, Time: 00:18:53

Health: -7/122     AC:  0    Str: 24    XL:     12   Next: 9%
Magic:  17/17      EV: 17    Int:  8    God:    Lugonu [*****.]
Gold:   1419       SH:  5    Dex: 12    Spells: 11/11 levels left

rFire    . . .     SeeInvis .     - Unarmed
rCold    . . .     Faith    .   (shield currently unavailable)
rNeg     . . .     Spirit   .   (armour currently unavailable)
rPois    .         Reflect  +   (helmet currently unavailable)
rElec    .         Harm     .   (cloak currently unavailable)
rCorr    .         Rampage  .   (gloves unavailable)
Will     .....                  (boots unavailable)
Stlth    +.........             c - amulet of reflection
HPRegen  1.30/turn              (ring currently unavailable)
MPRegen  0.15/turn              (ring currently unavailable)

@: pig-form, slowed
A: fast, no casting, small, unfitting armour, (claws 3), regeneration 1, (shaggy
fur 1), (tough skin 1)
a: Renounce Religion, Depart the Abyss, Bend Space, Banish, Corrupt, Enter the
Abyss


You were on level 12 of the Dungeon.
You worshipped Lugonu.
Lugonu was extremely pleased with you.
You were a filthy swine.
You visited 1 branch of the dungeon, and saw 13 of its levels.
You visited the Abyss 1 time.
You also visited: Bailey.

You collected 1449 gold pieces.
You spent 30 gold pieces at shops.


Innate Abilities, Weirdness & Mutations

You are a filthy swine.
You move quickly.
Your equipment is almost entirely melded.
You are incapable of wielding weapons or throwing items.
You cannot cast spells.
You are too large for most types of armour.
((You have claws for hands.))
Your natural rate of healing is unusually fast.
((You are covered in fur. (AC +1)))
((You have tough skin. (AC +1)))


   Skills:
 + Level 8.5 Fighting
 + Level 4.5 Armour
 + Level 8.3 Dodging
 + Level 9.8 Unarmed Combat
 + Level 9.0 Invocations


You had 11 spell levels left.
You didn't know any spells.
Your spell library contained the following spells:

 Spells                   Type           Power      Damage    Failure   Level
 Magic Dart               Conj           0%         1d3       41%         1
 Searing Ray              Conj           0%         3d3       54%         2
 Dazzling Flash           Conj/Hex       0%         N/A       78%         3
 Fulminant Prism          Conj/Hex       0%         3d6       99%         4
 Iskenderun's Mystic Bla  Conj/Tloc      0%         2d3       99%         4

Inventory:

Missiles
 d - 351 stones
 e - 106 bolts
 i - a throwing net {=f!f}
 j - 5 large rocks {=f}
 l - 6 javelins
 m - 248 arrows
 r - a curare-tipped dart {=f}
 u - 2 silver boomerangs
 v - 7 poisoned darts
 B - 103 sling bullets
 I - 74 boomerangs
Armour
 x - a +2 cloak (melded)
   (You found it on level 4 of the Dungeon)
 G - a +0 troll leather armour (melded)
   (You found it on level 12 of the Dungeon)
 L - +1 ice dragon scales
   (You acquired it on level 8 of the Dungeon)
Jewellery
 c - an amulet of reflection (around neck)
   (You found it on level 1 of the Abyss)
 F - a ring of fire (melded)
   (You found it on level 11 of the Dungeon)
 N - a ring of positive energy (melded)
   (You found it on level 6 of the Dungeon)
Wands
 a - a wand of charming (10)
   (You found it on level 9 of the Dungeon)
 q - a wand of flame (34)
   (You took it off Terence on level 3 of the Dungeon)
 C - a wand of paralysis (9)
   (You took it off Pikel on level 5 of the Dungeon)
 M - a wand of iceblast (6)
   (You found it on level 8 of the Dungeon)
 S - a wand of polymorph (9)
   (You found it on level 11 of the Dungeon)
Scrolls
 p - 2 scrolls of fear
 y - 2 scrolls of amnesia
 z - 3 scrolls of teleportation {@r4}
 A - 2 scrolls of enchant weapon
 D - a scroll of summoning
 E - a scroll of immolation {!r!r}
 J - a scroll of magic mapping {!r}
 O - a scroll of fog
Potions
 b - 6 potions of flight
 f - 4 potions of berserk rage {!q}
 g - 5 potions of mutation {!q}
 h - 2 potions of curing {@q1}
 k - 3 potions of haste {@q3}
 s - 3 potions of magic
 t - 4 potions of brilliance
 w - 4 potions of ambrosia
 H - 4 potions of might
 K - 2 potions of heal wounds {@q2}

Dungeon Overview and Level Annotations

Branches:
Dungeon (13/15)            Temple (0/1) D:5            Lair (0/6) D:9
    Orc (0/2) D:11         Bailey (visited)
 Vaults: D:13-14

Altars:
Makhleb
Okawaru

Shops:
D:4 *   D:12 *

Annotations:
D:12 Kirke

###.<......###.........
#.......##...........
##.......#....<#.....
###.......#.........
#..#..##.##......#.
##.#...#.##......##
##....##..#.......#
####.....#..........##
#....h...#..........##
##....H................
#†>)...................
#.....................#
###...................##
##.#....................#
#....##.................. ####
#...###............#..#..
#..###...###............#..##.


You could see a manticore (summoned).


Message History

The blast of flame misses you. 😕 HP[+2]
You regained 2 hp, and now have 99/122 hp.
Unknown command.
You barely miss Kirke. Kirke hits you. The lindwurm bites you!
The lindwurm closely misses you. The lindwurm misses you. 😮 HP[-11]
You take 11 damage, and now have 88/122 hp.
You bite Kirke! Kirke gestures at you while chanting.
You feel a momentary urge to oink. The lindwurm barely misses you.
The lindwurm closely misses you. You block the lindwurm's attack.
Kirke shouts, "You pig!
I'll make you look the way you deserve."
Kirke gestures wildly while chanting.
Kirke flickers and vanishes!
Deactivating autopickup; reactivate with Ctrl-A. 😮 HP[+2]
You regained 2 hp, and now have 90/122 hp.
You barely miss something. You block the lindwurm's attack.
The lindwurm claws you. The lindwurm barely misses you.
Something hits you! 😮 HP[-18]
You take 18 damage, and now have 72/122 hp.
You hit something. The lindwurm closely misses you. x2
The lindwurm claws you.
You hear some strange, mumbled words.
You feel a momentary urge to oink. The lindwurm bites you.
The lindwurm claws you. x2 😮 HP[-9]
You take 9 damage, and now have 63/122 hp.
You closely miss something.
You hear some strange, mumbled words.
Something tries to affect you, but you resist.
The lindwurm breathes flames at you. The blast of flame hits you!!
* * * LOW HITPOINT WARNING * * *
😨 HP[-31]
You take 31 damage, and now have 32/122 hp.
MASSIVE DAMAGE!! (PAUSE)
You feel much better. Something hits you!
* * * LOW HITPOINT WARNING * * *
The lindwurm misses you. The lindwurm claws you!
* * * LOW HITPOINT WARNING * * *
The lindwurm completely misses you. Something hits you!
* * * LOW HITPOINT WARNING * * *
😨 HP[+2]
You regained 2 hp, and now have 34/122 hp.
The lindwurm completely misses you. The lindwurm misses you.
You block the lindwurm's attack.
You hear some strange, mumbled words.
Something tries to affect you, but you resist.
The lindwurm completely misses you. You block the lindwurm's attack.
The lindwurm misses you.
You climb upwards.
The lindwurm disappears in a puff of smoke!
Reactivating autopickup.
There is a stone staircase leading down, spattered with blood here. 😨 HP[+5]
You regained 5 hp, and now have 39/122 hp.
You see here a +0 mace. 😨 HP[+1]
You hear some strange, mumbled words.
Something summons a manticore! 😨 HP[+2]
You regained 2 hp, and now have 42/122 hp.
The manticore flicks its tail.
The volley of spikes reflects off an invisible shield around you!
The volley of spikes hits the manticore!! 😨 HP[+1]
You hear some strange, mumbled words.
Deactivating autopickup; reactivate with Ctrl-A.
You feel a momentary urge to oink. 😨 HP[+2]
You regained 2 hp, and now have 45/122 hp.
You closely miss something. Something closely misses you.
The manticore bites you!
* * * LOW HITPOINT WARNING * * *
The manticore closely misses you.
The manticore barely misses you. 😱 HP[-16]
You take 16 damage, and now have 29/122 hp.
Unknown command.
Okay, then. 😱 HP[+1] 😨 HP[+2]
You regained 2 hp, and now have 32/122 hp.
You hit the manticore but do no damage. Something hits you.
* * * LOW HITPOINT WARNING * * *
The manticore bites you!!
* * * LOW HITPOINT WARNING * * *
The manticore claws you.
* * * LOW HITPOINT WARNING * * *
The manticore misses you. 😱 HP[-27]
You take 27 damage, and now have 5/122 hp.
MASSIVE DAMAGE!! (PAUSE)
You feel much better. Something hits you!!
* * * LOW HITPOINT WARNING * * *
The manticore bites you!
* * * LOW HITPOINT WARNING * * *
The manticore claws you!
You die...

Skill      XL: |  1  2  3  4  5  6  7  8  9 10 11 12 |
---------------+-------------------------------------+-----
Dodging        | 2 3 4 5 6 7 8 |  8.3
Invocations    | 2 3 4 5 6 7 8 9 |  9.0
Fighting       | 3 4 5 6 7 8 |  8.5
Unarmed Combat | 3 4 5 6 7 8 9 |  9.8
Armour         | 2 4 |  4.5

Action                   |  1- 3 |  4- 6 |  7- 9 | 10-12 || total
-------------------------+-------+-------+-------+-------++-------
Melee: Unarmed           |    99 |   120 |   419 |   460 ||  1098
       Punch             |     1 |     1 |    11 |    19 ||    32
Throw: Dart              |       |       |     4 |     5 ||     9
Invok: Depart the Abyss  |     1 |       |       |       ||     1
       Banish            |       |       |     1 |     5 ||     6
       Bend Space        |       |       |       |     1 ||     1
Evoke: Wand              |       |     5 |     9 |     7 ||    21
  Use: Scroll            |       |     2 |    11 |    12 ||    25
       Potion            |       |       |     1 |     4 ||     5
Armor: Robe              |    26 |    33 |    89 |     6 ||   154
       Ice dragon scales |       |       |       |   160 ||   160
       Troll leather arm |       |       |       |    20 ||    20
Dodge: Dodged            |    48 |    57 |   184 |   223 ||   512
Block: Other             |    21 |    17 |    72 |   106 ||   216
       Reflection        |     2 |     1 |    11 |     2 ||    16

Levels and vault maps discovered:
D:1:      matt_arrival_spirals, layout_rooms,
          hellmonk_ecumenical_altar_slurped_away
D:2:      minmay_spotlight, layout_loops_ring, minmay_misc_feat_four_crosses
D:3:      cheibrodos_helix_gallery, layout_rooms, uniq_terence
D:4:      layout_loops_corners, serial_shops, nicolae_shop_waterfront,
          uniq_menkaure, uniq_grinder
D:5:      layout_loops_ring, minmay_temple_entry_waves,
          kennysheep_generic_room_9, uniq_pikel
D:6:      layout_gridville, uniq_blork_the_orc
D:7:      layout_loops_ring, kennysheep_donut, kennysheep_generic_room_12
D:8:      layout_loops_ring, enter_bailey_3
D:9:      layout_big_octagon, due_lair_maze_entry_diamond, uniq_prince_ribbit1
D:10:     layout_rooms, makhleb_altar_promises_db
D:11:     layout_loops_corners, orc_0_dummy, okawaru_humans, uniq_erolcha,
          uniq_urug, uniq_psyche, uniq_josephine
D:12:     layout_cave_pools, nicolae_transmutations_shop, bh_walls_and_bars
D:13:     layout_roguey, lightli_vaults_fourway_checkpoint,
          kennysheep_generic_room_5, uniq_kirke

Notes
Turn   | Place    | Note
-------+----------+-------------------------------------------
     0 | Abyss:1  | spiderkeys the Troll Abyssal Knight began the quest for the
                  | Orb.
     0 | Abyss:1  | Reached XP level 1. HP: 22/22 MP: 1/1
     0 | Abyss:1  | magus.rc [v1.9.10]
    77 | Abyss:1  | Noticed a starcursed mass
    99 | Abyss:1  | Noticed an iron imp
   100 | Abyss:1  | Noticed a small abomination
   104 | Abyss:1  | Killed an iron imp
   105 | Abyss:1  | Reached skill level 2 in Dodging
   105 | Abyss:1  | Reached skill level 2 in Invocations
   105 | Abyss:1  | Reached XP level 2. HP: 15/29 MP: 2/2
   105 | D:1      | You pass through the gate.
   105 | D:1      | Escaped the Abyss
   156 | D:1      | Reached XP level 3. HP: 36/36 MP: 3/3
   159 | D:1      | Reached * piety under Lugonu
   501 | D:1      | Found a faded altar of an unknown god.
   738 | D:2      | Reached XP level 4. HP: 44/44 MP: 4/4
   819 | D:2      | Reached skill level 3 in Fighting
   992 | D:2      | Reached skill level 3 in Unarmed Combat
  1055 | D:2      | Reached ** piety under Lugonu
  1232 | D:2      | Reached XP level 5. HP: 52/53 MP: 5/5
  1468 | D:3      | Noticed Terence
  1472 | D:3      | Killed Terence
  1582 | D:3      | Reached skill level 3 in Dodging
  1650 | D:3      | Reached skill level 3 in Invocations
  1711 | D:3      | Noticed a necrophage
  1724 | D:3      | Reached XP level 6. HP: 58/61 MP: 7/7
  2019 | D:4      | Reached skill level 4 in Unarmed Combat
  2019 | D:4      | Reached XP level 7. HP: 32/68 MP: 8/8
  2326 | D:4      | Reached skill level 4 in Fighting
  2360 | D:4      | Noticed Menkaure
  2367 | D:4      | Killed Menkaure
  2368 | D:4      | Reached skill level 4 in Invocations
  2424 | D:4      | You pick up a book of Conjurations and begin reading...
  2424 | D:4      | You add the spells Magic Dart, Searing Ray, Dazzling Flash,
                  | Fulminant Prism and Iskenderun's Mystic Blast to your
                  | library.
  2448 | D:4      | Found Achuashu's General Store.
  2482 | D:4      | Bought a potion of curing for 30 gold pieces
  2568 | D:4      | Reached skill level 4 in Dodging
  2733 | D:4      | Noticed Grinder
  2754 | D:4      | Killed Grinder
  2754 | D:4      | Reached *** piety under Lugonu
  2755 | D:4      | Reached skill level 5 in Unarmed Combat
  2755 | D:4      | Reached XP level 8. HP: 70/79 MP: 10/10
  3023 | D:5      | Entered Level 5 of the Dungeon
  3245 | D:5      | Reached skill level 5 in Fighting
  3261 | D:5      | Found a staircase to the Ecumenical Temple.
  3283 | D:5      | Reached skill level 5 in Invocations
  3286 | D:5      | Noticed Pikel
  3291 | D:5      | HP: 20/80 [orc priest (5)]
  3321 | D:5      | HP: 17/80 [scorpion (7)]
  3326 | D:6      | HP: 12/80 [poisoned by a scorpion]
  3519 | D:5      | Paralysed by Pikel for 3 turns
  3530 | D:5      | Paralysed by Pikel for 6 turns
  3545 | D:5      | Killed Pikel
  3546 | D:5      | Reached skill level 5 in Dodging
  3546 | D:5      | Reached skill level 6 in Unarmed Combat
  3546 | D:5      | Reached XP level 9. HP: 43/88 MP: 10/12
  4369 | D:6      | Noticed Blork the orc
  4380 | D:6      | Killed Blork the orc
  4651 | D:6      | Identified a scroll of acquirement
  4651 | D:6      | Acquired 798 gold pieces
  5175 | D:7      | Identified a +0 robe of the Archmagi
  5281 | D:7      | Reached skill level 6 in Invocations
  5453 | D:7      | Reached **** piety under Lugonu
  5465 | D:7      | Reached skill level 6 in Fighting
  5811 | D:7      | Reached skill level 7 in Unarmed Combat
  5950 | D:8      | Reached skill level 6 in Dodging
  6063 | D:8      | Found a flagged portal.
  6080 | Bailey   | Entered a bailey
  6327 | Bailey   | HP: 22/89 [orc warrior (10)]
  6647 | D:8      | Reached XP level 10. HP: 59/100 MP: 14/14
  6761 | D:8      | Noticed a centaur warrior
  6765 | D:8      | Banished a centaur warrior
  6766 | D:8      | Reached skill level 7 in Invocations
  6919 | D:8      | Reached skill level 8 in Unarmed Combat
  7051 | D:8      | Reached skill level 7 in Fighting
  7277 | D:8      | Acquired +1 ice dragon scales
  7339 | D:9      | Noticed a two-headed ogre
  7347 | D:9      | Killed a two-headed ogre
  7348 | D:9      | Reached skill level 1 in Armour
  7401 | D:8      | Reached skill level 7 in Dodging
  7450 | D:9      | Reached ***** piety under Lugonu
  7649 | D:9      | Noticed Prince Ribbit
  7684 | D:9      | Reached skill level 2 in Armour
  7730 | D:9      | Killed Prince Ribbit
  7859 | D:9      | Found a staircase to the Lair.
  8037 | D:10     | Entered Level 10 of the Dungeon
  8136 | D:10     | Reached XP level 11. HP: 109/109 MP: 15/15
  8185 | D:10     | Reached skill level 8 in Invocations
  8291 | D:10     | Found a burning altar of Makhleb.
  8291 | D:10     | Noticed an Executioner
  8437 | D:10     | HP: 27/109 [acid dragon/splash of acid (14)]
  8437 | D:10     | HP: 12/109 [gargoyle (7)]
  8648 | D:11     | Noticed Erolcha
  8657 | D:11     | Killed Erolcha
  8658 | D:11     | Reached skill level 3 in Armour
  8658 | D:11     | Reached skill level 9 in Unarmed Combat
  9083 | D:11     | Noticed Urug
  9094 | D:11     | Killed Urug
  9115 | D:11     | HP: 26/111 [killer bee (4)]
  9120 | D:11     | HP: 19/111 [poisoned by a killer bee]
  9125 | D:11     | HP: 13/111 [poisoned by a killer bee]
  9277 | D:11     | Noticed Josephine
  9296 | D:11     | Reached skill level 8 in Fighting
  9314 | D:11     | Killed Josephine
  9340 | D:11     | Noticed Psyche
  9350 | D:11     | Killed Psyche
  9351 | D:11     | Reached skill level 8 in Dodging
  9388 | D:11     | Found a staircase to the Orcish Mines.
  9410 | D:11     | Found an iron altar of Okawaru.
  9729 | D:12     | Reached skill level 4 in Armour
 10050 | D:12     | Reached XP level 12. HP: 116/122 MP: 17/17
 10063 | D:12     | Reached skill level 9 in Invocations
 10105 | D:12     | Found Taetz's Changing Room.
 10578 | D:13     | Noticed Kirke
 10661 | D:12     | HP: 29/122 [manticore[Kirke] (17)]
 10664 | D:12     | HP: 8/122 [manticore[Kirke] (22)]
 10665 | D:12     | HP: 3/122 [manticore[Kirke] (8)]
 10665 | D:12     | Mangled by a manticore

Vanquished Creatures
  Josephine (D:11)
  Erolcha (D:11)
  A two-headed ogre (D:9)
  Urug (D:11)
  Pikel (D:5)
  A cyclops (D:12)
  A gargoyle (D:12)
  A komodo dragon (D:11)
  A kobold demonologist (D:9)
  Psyche (D:11)
  Prince Ribbit (D:9)
  Grinder (D:4)
  A troll (D:12)
  A slime creature (D:12)
  A wyvern (D:8)
  5 wraiths (D:11)
  2 shadows
  14 yaks
  A steam dragon (D:8)
  2 hogs (D:12)
  2 humans (D:11)
  4 vampire mosquitoes (D:12)
  Menkaure (D:4)
  An acid dragon (D:10)
  4 orc warriors
  4 water moccasins
  2 black bears (D:9)
  3 ice beasts
  A hornet zombie (D:9)
  3 ogres
  2 necrophages
  4 centaurs
  4 lemures
  Blork the orc (D:6)
  4 bullfrogs
  A kobold brigand (D:6)
  A wyvern zombie (D:9)
  3 scorpions
  A gnoll sergeant (D:7)
  A water moccasin zombie (D:5)
  A water moccasin skeleton (D:4)
  4 killer bees (D:11)
  2 howler monkeys
  A bullfrog zombie (D:5)
  4 centaur zombies
  3 orc priests
  3 hounds
  A centaur skeleton (D:5)
  A bullfrog skeleton (D:5)
  An iron imp (Abyss:1)
  Terence (D:3)
  9 orc wizards
  A killer bee zombie (D:5)
  A howler monkey zombie (D:8)
  11 adders
  26 gnolls
  A white imp (D:7)
  An adder skeleton (D:5)
  3 worms (D:3)
  2 dart slugs
  22 orcs
  4 endoplasms (D:1)
  6 giant cockroaches
  12 goblins
  14 hobgoblins
  4 jackals (D:1)
  5 quokkas
  7 ball pythons
  7 bats
  3 frilled lizards
  A jackal skeleton (D:4)
  24 kobolds
  2 rats
274 creatures vanquished.

Vanquished Creatures (others)
  A hog (D:12)
  36 fungi (D:9)
  29 plants (D:9)
66 creatures vanquished.

Grand Total: 340 creatures vanquished

Table legend:
 A = Non-vault XP
 B = Vault XP
 C = Vault XP percentage of total XP
 D = Non-vault monster count
 E = Vault monster count
 F = Vault count percentage of total count
                 A         B        C        D         E       F
            +---------+---------+-------+---------+---------+-------
      Total |   14749 |    8601 |  36.8 |     197 |      78 |  28.4
            +---------+---------+-------+---------+---------+-------
        D:1 |      52 |       2 |   3.7 |      30 |       1 |   3.2
        D:2 |     109 |       7 |   6.0 |      26 |       5 |  16.1
        D:3 |     147 |     157 |  51.6 |      12 |       3 |  20.0
        D:4 |     545 |     458 |  45.7 |      16 |       2 |  11.1
        D:5 |     692 |     713 |  50.7 |      19 |       3 |  13.6
        D:6 |     234 |     100 |  29.9 |       9 |       1 |  10.0
        D:7 |     988 |     129 |  11.5 |      25 |       1 |   3.8
        D:8 |    2883 |     241 |   7.7 |      14 |       6 |  30.0
        D:9 |    1435 |    1580 |  52.4 |      13 |      10 |  43.5
       D:10 |    2317 |       0 |   0.0 |      11 |       0 |   0.0
       D:11 |    1078 |    4315 |  80.0 |       7 |       9 |  56.2
       D:12 |    4229 |     551 |  11.5 |      14 |       3 |  17.6
    Abyss:1 |      40 |       0 |   0.0 |       1 |       0 |   0.0
     Bailey |       0 |     348 | 100.0 |       0 |      34 | 100.0
            +---------+---------+-------+---------+---------+-------

Illustrated notes

Table legend:
 A = Kills in this place as a percentage of kills in entire the game.
 B = Kills by you in this place as a percentage of kills by you in the entire game.
 C = Kills by friends in this place as a percentage of kills by friends in the entire game.
 D = Other kills in this place as a percentage of other kills in the entire game.
 E = Experience gained in this place as a percentage of experience gained in the entire game.
 F = Experience gained in this place divided by the number of levels of this place that you have seen.
                   A       B       C       D       E      F
               +-------+-------+-------+-------+-------+----------------------
         Total | 100.0 | 100.0 |   N/A | 100.0 | 100.0 | 1556.7
       Dungeon |  87.3 |  87.4 |   N/A |  80.0 |  98.3 | 1766.3
         Abyss |   0.4 |   0.4 |   N/A |   0.0 |   0.2 |  40.0
        Bailey |  12.4 |  12.2 |   N/A |  20.0 |   1.5 | 348.0
               +-------+-------+-------+-------+-------+----------------------

Table legend: (Time is in decaauts)
 A = Elapsed time spent in this place.
 B = Non-inter-level travel time spent in this place.
 C = Inter-level travel time spent in this place.
 D = Time resting spent in this place.
 E = Time spent auto-exploring this place.
 F = Levels seen in this place.
 G = Mean time per level.
                   A        B        C        D        E       F      G
               +--------+--------+--------+--------+--------+-----+--------+
         Total |  10561 |  10100 |    461 |    500 |   7338 |  15 |  704.1 |
       Dungeon |  10033 |   9572 |    461 |    462 |   7089 |  13 |  771.8 |
         Abyss |    104 |    104 |      0 |      0 |     76 |   1 |  104.0 |
        Bailey |    423 |    423 |      0 |     38 |    173 |   1 |  423.0 |
               +--------+--------+--------+--------+--------+-----+--------+

Top non-repeatable levels by time:
     D:6: 1227 daAuts
     D:4: 1047 daAuts
    D:11: 1032 daAuts
    D:12: 959 daAuts
     D:8: 922 daAuts
     D:7: 866 daAuts
     D:5: 855 daAuts
     D:2: 765 daAuts
     D:9: 656 daAuts
     D:1: 612 daAuts
    D:10: 576 daAuts
     D:3: 479 daAuts
  Bailey: 423 daAuts
 Abyss:1: 104 daAuts
    D:13: 32 daAuts
